[Event "2026 Biel Blitz Open"]
[Site "Biel, CH"]
[Date "2026.07.19"]
[Round "1"]
[White "Maruntis, Patrik-Robert"]
[Black "Jaggy, Enzo"]
[Result "1-0"]
[Board "29"]
[TimeControl "180+2"]
[WhiteFideId "1259997"]
[BlackFideId "1344919"]
[WhiteElo "2167"]
[BlackElo "1761"]
[WhiteClock "0:00:12"]
[BlackClock "0:01:15"]
[Variant "Standard"]
[EndDate "2026.07.19"]
[EndTime "11:47:32"]

1. e4 e6 2. d4 d5 3. Nd2 dxe4 4. Nxe4 Nd7 5. Nf3 Ngf6 6. Bg5 Be7 7. Nxf6+ Nxf6 8. Bd3 h6 9. Bd2 c5 10. dxc5 Bxc5 11. Qe2 O-O 12. O-O-O Qb6 13. Ne5 Bd7 14. Nxd7 Nxd7 15. f3 Bd4 16. c3 Bf6 17. Kb1 Nc5 18. Bc2 a5 19. a4 Qc6 20. Qb5 Qxb5 21. axb5 Rfd8 22. Be3 b6 23. Bxc5 bxc5 24. Be4 a4 25. Bxa8 Rxa8 26. Rd6 a3 27. b6 axb2 28. Kxb2 Rb8 29. Rhd1 Kh7 30. Kb3 Kg6 31. Kc4 Be7 32. Rc6 Kf6 33. Rb1 Ke5 34. b7 Bd6 35. Rc8 f5 36. Rxb8 Bxb8 37. Kxc5 g5 38. c4 g4 39. Kb6 gxf3 40. gxf3 Kf4 41. Rb3 e5 42. c5 e4 43. fxe4 fxe4 44. c6 e3 45. Rxe3 Kxe3 46. c7 1-0

[Event "2026 Biel Blitz Open"]
[Site "Biel, CH"]
[Date "2026.07.19"]
[Round "1"]
[White "Pinelli, Gian"]
[Black "Savitha Shri B"]
[Result "0-1"]
[Board "30"]
[TimeControl "180+2"]
[WhiteFideId "1348710"]
[BlackFideId "35061887"]
[WhiteElo "1751"]
[BlackElo "2161"]
[BlackTitle "IM"]
[WhiteClock "0:00:15"]
[BlackClock "0:01:20"]
[Variant "Standard"]
[EndDate "2026.07.19"]
[EndTime "11:47:32"]

1. d4 Nf6 2. c4 g6 3. Nc3 Bg7 4. e4 d6 5. Be2 O-O 6. Bg5 Nbd7 7. Qd2 a6 8. f3 b5 9. cxb5 axb5 10. Bxb5 c5 11. d5 Ne5 12. Be2 Qa5 13. h4 Ba6 14. Bxa6 Qxa6 15. Rd1 Rfb8 16. b3 c4 17. bxc4 Nxc4 18. Qd3 Qc8 19. Bc1 Nh5 20. Nge2 Qc5 21. g4 Nf6 22. h5 Nd7 23. hxg6 fxg6 24. f4 Nb2 25. Qc2 Nxd1 26. Qxd1 Bxc3+ 27. Bd2 Bxd2+ 28. Qxd2 Rb1+ 0-1

[Event "2026 Biel Blitz Open"]
[Site "Biel, CH"]
[Date "2026.07.19"]
[Round "1"]
[White "Kelecevic, Nedeljko"]
[Black "Chantrell, Paul"]
[Result "1-0"]
[Board "31"]
[TimeControl "180+2"]
[WhiteFideId "14400537"]
[BlackFideId "451967"]
[WhiteElo "2150"]
[BlackElo "1749"]
[WhiteTitle "IM"]
[WhiteClock "0:01:08"]
[BlackClock "0:00:10"]
[Variant "Standard"]
[EndDate "2026.07.19"]
[EndTime "11:47:32"]

1. d4 d5 2. Nf3 Nf6 3. c4 c6 4. Nc3 dxc4 5. a4 Bf5 6. Ne5 Nbd7 7. Nxc4 Qc7 8. g3 e5 9. dxe5 Nxe5 10. Bf4 Nfd7 11. Qc1 Bb4 12. Bg2 O-O 13. O-O Bxc3 14. Qxc3 f6 15. Nxe5 Nxe5 16. Bxe5 Qxe5 17. Qxe5 fxe5 18. a5 e4 19. Rfd1 Rfd8 20. h3 Rd5 21. g4 Bg6 22. f4 exf3 23. Bxf3 Rdd8 24. a6 Rxd1+ 25. Rxd1 bxa6 26. Bxc6 Rb8 27. Bd5+ Kf8 28. b3 Rd8 29. e4 Bxe4 30. Rf1+ Ke7 31. Bxe4 g6 32. Rf3 a5 33. Bd3 Rd7 34. Bc4 Kd6 35. Rd3+ 1-0

[Event "2026 Biel Blitz Open"]
[Site "Biel, CH"]
[Date "2026.07.19"]
[Round "1"]
[White "Aryan Goyal"]
[Black "Gireada, Daniel"]
[Result "1-0"]
[Board "32"]
[TimeControl "180+2"]
[WhiteFideId "366108825"]
[BlackFideId "1206451"]
[WhiteElo "1748"]
[BlackElo "2148"]
[WhiteClock "0:00:19"]
[BlackClock "0:00:42"]
[Variant "Standard"]
[EndDate "2026.07.19"]
[EndTime "11:47:32"]

1. e4 c6 2. d4 d5 3. f3 dxe4 4. fxe4 e5 5. Nf3 exd4 6. Bc4 Nf6 7. O-O Nbd7 8. Qe2 Bc5 9. Kh1 O-O 10. e5 Nd5 11. e6 N7f6 12. exf7+ Rxf7 13. Ne5 Rf8 14. Bg5 b5 15. Nxc6 Qd6 16. Ne7+ Qxe7 17. Bxd5+ Be6 18. Qxe6+ Qxe6 19. Bxe6+ Kh8 20. Bxf6 gxf6 21. Nd2 Rae8 22. Bg4 Re3 23. Nb3 Bb6 24. Rae1 Rfe8 25. Rxe3 dxe3 26. Re1 Kg7 27. g3 Kg6 28. Kg2 f5 29. Bf3 Kg5 30. Nc1 Rd8 31. Nd3 Rc8 32. Re2 a5 33. Kf1 b4 34. Bd5 Rd8 35. Bb3 h5 36. Re1 Re8 37. Ke2 Re7 38. Rf1 Re8 39. Nf4 h4 40. Nd5 Bc5 41. Rf3 hxg3 42. Rxg3+ Kh6 43. Rf3 Rd8 44. Rxf5 Kg6 45. Re5 Bd4 46. Re4 Bxb2 47. Rxe3 Rh8 48. Ne7+ Kf6 49. Nd5+ Kg6 50. h3 Bd4 51. Rg3+ Kf5 52. Rf3+ Ke4 53. Nf6+ Ke5 54. Ng4+ Ke4 55. Be6 Re8 56. Bf5+ Kd5+ 57. Kd3 Bb6 58. Nf6+ Kd6 59. Nxe8+ Ke7 60. Ng7 Kf6 61. Nh5+ Kg5 62. Ng3 Bc7 63. Ne4+ Kh6 64. Bd7 Kh7 65. Nf6+ Kg6 66. Nd5 Bd6 67. Rf6+ 1-0

[Event "2026 Biel Blitz Open"]
[Site "Biel, CH"]
[Date "2026.07.19"]
[Round "1"]
[White "Matsumura, Cocoro"]
[Black "Bujes, Aurelien"]
[Result "1-0"]
[Board "33"]
[TimeControl "180+2"]
[WhiteFideId "36087114"]
[BlackFideId "1347179"]
[WhiteElo "2131"]
[BlackElo "1741"]
[WhiteTitle "CM"]
[WhiteClock "0:00:49"]
[BlackClock "0:00:11"]
[Variant "Standard"]
[EndDate "2026.07.19"]
[EndTime "11:47:32"]

1. e4 g6 2. d4 Bg7 3. Nc3 d6 4. Be3 Nf6 5. Qd2 Nbd7 6. h4 c5 7. f3 cxd4 8. Bxd4 Nh5 9. Bxg7 Nxg7 10. Qh6 Ne6 11. O-O-O Ndc5 12. h5 Bd7 13. hxg6 fxg6 14. e5 Qb6 15. exd6 exd6 16. Bc4 O-O-O 17. Nge2 Qb4 18. Bd5 Nc7 19. Rh4 Qa5 20. Kb1 Bf5 21. Qd2 h5 22. b4 Qb6 23. Ka1 N5a6 24. Na4 Qb5 25. Nec3 Qd7 26. Bb3 Qe7 27. Rd4 Rhe8 28. a3 b6 29. Rxd6 Rxd6 30. Qxd6 Qxd6 31. Rxd6 Re1+ 32. Kb2 Ne6 33. b5 Nac7 34. Nd5 Nxb5 35. Ne7+ Kc7 36. Rd5 Ned4 37. Nxf5 Nxf5 38. Rxb5 Nd4 39. Rg5 Re2 40. Rxg6 Nxb3 41. Kxb3 Rf2 42. Rg5 h4 43. Nc3 a6 44. Ne4 Re2 45. Rg4 1-0

[Event "2026 Biel Blitz Open"]
[Site "Biel, CH"]
[Date "2026.07.19"]
[Round "1"]
[White "Filimonov, Arsenii"]
[Black "Hakimifard, Ghazal"]
[Result "0-1"]
[Board "34"]
[TimeControl "180+2"]
[WhiteFideId "34171584"]
[BlackFideId "12506540"]
[WhiteElo "1735"]
[BlackElo "2130"]
[BlackTitle "WGM"]
[WhiteClock "0:03:02"]
[BlackClock "0:00:12"]
[Variant "Standard"]
[EndDate "2026.07.19"]
[EndTime "11:47:32"]

1. e4 c5 2. Nf3 e6 3. d4 cxd4 4. Nxd4 a6 5. Nc3 Qc7 6. Qf3 Nc6 7. Be3 Nf6 8. O-O-O Bb4 9. Nxc6 bxc6 10. Bf4 e5 11. Bg3 O-O 12. Bc4 Qa5 13. Rhe1 d5 14. exd5 Bg4 15. Qd3 Bxd1 16. Rxd1 Bxc3 17. Qxc3 Qxc3 18. bxc3 cxd5 19. Bxd5 Nxd5 20. Rxd5 f6 21. f3 Rfd8 22. Ra5 Rd6 23. c4 Rad8 24. Kb2 Rd4 25. Rxa6 Rxc4 26. Ra3 Rdc8 27. c3 Rd8 28. Kc2 Kf7 29. Bf2 Kg6 30. g4 Rf4 31. Bb6 Rb8 32. Bc5 Rc8 33. Bb6 Rxf3 0-1

[Event "2026 Biel Blitz Open"]
[Site "Biel, CH"]
[Date "2026.07.19"]
[Round "1"]
[White "Erne, Raphael"]
[Black "Vedant Nayudu"]
[Result "1-0"]
[Board "35"]
[TimeControl "180+2"]
[WhiteFideId "1341928"]
[BlackFideId "33369780"]
[WhiteElo "2128"]
[BlackElo "1732"]
[WhiteClock "0:00:11"]
[BlackClock "0:00:08"]
[Variant "Standard"]
[EndDate "2026.07.19"]
[EndTime "11:47:32"]

1. c4 e6 2. g3 d5 3. Bg2 Nf6 4. Nf3 dxc4 5. Qa4+ Nbd7 6. Qxc4 a6 7. Qb3 Rb8 8. O-O b5 9. d4 Bb7 10. Bf4 Nh5 11. Bd2 Be7 12. Bb4 O-O 13. Rd1 Nhf6 14. Nc3 Ne4 15. Nxe4 Bxe4 16. Rac1 Bxb4 17. Qxb4 Bd5 18. Ne5 Nxe5 19. dxe5 Qg5 20. Bxd5 exd5 21. Qf4 Qd8 22. Qd4 Qe7 23. Qxd5 Rfd8 24. Qe4 h6 25. h4 b4 26. Qe3 Rxd1+ 27. Rxd1 c5 28. Rc1 Rc8 29. b3 Rc6 30. Qe4 Qe6 31. Qc4 Qxc4 32. Rxc4 Kf8 33. Kg2 Ke7 34. Kf3 Ke6 35. Ke4 a5 36. f4 Rc8 37. f5+ Ke7 38. Kd5 Rd8+ 39. Kxc5 Rd2 40. Kb5 Rxa2 41. Rc7+ Ke8 42. e4 a4 43. Kxb4 axb3 44. Kxb3 Rg2 45. Kc4 Rxg3 46. Kd5 Rd3+ 47. Kc5 Re3 48. Kd4 Rh3 49. Rc8+ Ke7 50. Rg8 Rxh4 51. Rxg7 Kf8 52. Rg1 Rh2 53. Kd5 Rd2+ 54. Kc6 Ke7 55. Rh1 Re2 56. Kd5 Rd2+ 57. Kc4 Rc2+ 58. Kd3 Rc5 59. Kd4 Rc6 60. f6+ Ke6 61. Rxh6 Ra6 62. Rh7 Ra4+ 63. Ke3 Ra3+ 64. Kf4 Ra5 65. Rh8 Ra1 66. Re8+ Kd7 67. Re7+ Kd8 68. Rxf7 Rf1+ 69. Kg5 Ke8 70. Rb7 1-0

[Event "2026 Biel Blitz Open"]
[Site "Biel, CH"]
[Date "2026.07.19"]
[Round "1"]
[White "Knuesel, Jolan"]
[Black "Ashwath Kaushik"]
[Result "0-1"]
[Board "36"]
[TimeControl "180+2"]
[WhiteFideId "1364529"]
[BlackFideId "33387230"]
[WhiteElo "1728"]
[BlackElo "2122"]
[BlackTitle "FM"]
[WhiteClock "0:03:02"]
[BlackClock "0:02:43"]
[Variant "Standard"]
[EndDate "2026.07.19"]
[EndTime "11:47:32"]

1. d4 d5 2. Bf4 c5 3. e3 Nc6 4. Nf3 cxd4 5. exd4 Bf5 6. Bd3 Bxd3 7. Qxd3 Rc8 8. c3 e6 9. O-O Bd6 10. Bxd6 Qxd6 11. Re1 Nf6 12. Ne5 O-O 13. Nd2 Nd7 14. Ndf3 Ndxe5 15. Nxe5 Ne7 16. Qb5 b6 17. a4 a5 18. Nd7 Rfd8 19. Nxb6 Rb8 20. Qxa5 Qxb6 21. Qxb6 Rxb6 22. b4 Rc8 23. Rec1 Rbc6 24. Ra3 Rc4 25. h3 Nc6 26. b5 Nxd4 27. Kf1 Ra8 28. Rca1 Nc2 29. a5 Nxa1 30. Rxa1 Rxc3 31. b6 Rb3 32. Rc1 0-1

[Event "2026 Biel Blitz Open"]
[Site "Biel, CH"]
[Date "2026.07.19"]
[Round "1"]
[White "Habibi, Ali"]
[Black "Paholok, Igor"]
[Result "1-0"]
[Board "37"]
[TimeControl "180+2"]
[WhiteFideId "4604393"]
[BlackFideId "1338951"]
[WhiteElo "2116"]
[BlackElo "1728"]
[WhiteTitle "IM"]
[WhiteClock "0:01:38"]
[BlackClock "0:00:26"]
[Variant "Standard"]
[EndDate "2026.07.19"]
[EndTime "11:47:32"]

1. Nf3 d5 2. g3 e6 3. Bg2 f5 4. O-O Nf6 5. d3 Bd6 6. Nc3 Bb4 7. Bd2 O-O 8. a3 Bxc3 9. Bxc3 c5 10. e3 Nc6 11. b3 b6 12. Bb2 Bb7 13. Qe2 Rb8 14. Rad1 Qc7 15. Ng5 Bc8 16. f4 h6 17. Nf3 Bb7 18. Ne5 Nxe5 19. Bxe5 Qe7 20. Bxb8 Rxb8 21. c4 Ng4 22. h3 Nf6 23. Rfe1 Qd6 24. Qb2 Nh5 25. Kh2 g5 26. Qe5 Qxe5 27. fxe5 Ng7 28. e4 d4 29. Rd2 Rf8 30. Rf2 Kh7 31. Ref1 Kg6 32. exf5+ 1-0

[Event "2026 Biel Blitz Open"]
[Site "Biel, CH"]
[Date "2026.07.19"]
[Round "1"]
[White "Amsellem, Daniel"]
[Black "Filipovic, Branko"]
[Result "1/2-1/2"]
[Board "38"]
[TimeControl "180+2"]
[WhiteFideId "1363522"]
[BlackFideId "14507951"]
[WhiteElo "1723"]
[BlackElo "2109"]
[BlackTitle "IM"]
[WhiteClock "0:00:28"]
[BlackClock "0:01:01"]
[Variant "Standard"]
[EndDate "2026.07.19"]
[EndTime "11:47:32"]

1. c4 b6 2. Nf3 Bb7 3. g3 Nf6 4. Bg2 g6 5. O-O Bg7 6. Nc3 O-O 7. d3 c5 8. Bd2 Nc6 9. Rb1 d5 10. cxd5 Nxd5 11. a3 e6 12. Qc2 Rc8 13. Nxd5 Qxd5 14. Bc3 Nd4 15. Bxd4 cxd4 16. Qd2 Qb3 17. Rfc1 h6 18. Nxd4 Rxc1+ 19. Rxc1 Bxd4 20. Bxb7 Qxb2 21. Qxb2 Bxb2 22. Rc7 Bxa3 23. Ba6 Ra8 24. Bb7 Rb8 25. Ba6 b5 26. Rxa7 Bf8 27. Rb7 Rxb7 28. Bxb7 b4 29. Be4 f5 30. Bc6 b3 31. Ba4 b2 32. Bc2 Bb4 33. Kf1 e5 34. e3 Bc3 35. Ke2 Kf7 36. Bb1 Ke6 37. Kd1 Kd5 38. Kc2 Be1 39. f3 Bf2 40. e4+ Kd4 41. Kxb2 Bg1 42. exf5 gxf5 43. Kc2 Bxh2 44. g4 fxg4 45. fxg4 Ke3 46. Kd1 Kf4 47. Ke2 Kxg4 48. Kf2 h5 49. Kg2 Bf4 50. Bc2 h4 51. Bd1+ Kf5 52. Bf3 Bg3 53. Be4+ Kf4 54. Bh7 Kg4 55. Be4 h3+ 56. Kh1 Kf4 57. Bg6 Ke3 58. Be4 Kf2 59. Bd5 1/2-1/2

[Event "2026 Biel Blitz Open"]
[Site "Biel, CH"]
[Date "2026.07.19"]
[Round "1"]
[White "Ragavan, Samarth Rajesh"]
[Black "Materia, Mario"]
[Result "1-0"]
[Board "39"]
[TimeControl "180+2"]
[WhiteFideId "39918106"]
[BlackFideId "651082241"]
[WhiteElo "2101"]
[BlackElo "1723"]
[WhiteClock "0:02:47"]
[BlackClock "0:00:23"]
[Variant "Standard"]
[EndDate "2026.07.19"]
[EndTime "11:47:32"]

1. d4 Nf6 2. c4 e6 3. g3 d5 4. Bg2 Be7 5. Nf3 O-O 6. O-O dxc4 7. Qc2 a6 8. a4 Bd7 9. Qxc4 b5 10. Qc2 Bc6 11. axb5 axb5 12. Rxa8 Bxa8 13. Nc3 b4 14. Na4 Be4 15. Qd1 Nc6 16. Bf4 Bxf3 17. Bxf3 Nxd4 18. Bg2 c5 19. e3 Nb5 20. Qc2 Qb6 21. Nxb6 Nd5 22. Nxd5 exd5 23. Bxd5 Rd8 24. Rd1 h6 25. Bxf7+ Kxf7 26. Rxd8 Bxd8 27. Qc4+ Kf8 28. Qxc5+ Be7 29. Qxb5 1-0

[Event "2026 Biel Blitz Open"]
[Site "Biel, CH"]
[Date "2026.07.19"]
[Round "1"]
[White "Boner, Timm"]
[Black "Langner, Robin"]
[Result "0-1"]
[Board "42"]
[TimeControl "180+2"]
[WhiteFideId "1330039"]
[BlackFideId "34606190"]
[WhiteElo "1705"]
[BlackElo "2059"]
[WhiteClock "0:00:38"]
[BlackClock "0:00:39"]
[Variant "Standard"]
[EndDate "2026.07.19"]
[EndTime "11:47:32"]

1. e4 c5 2. Nf3 d6 3. Nc3 Nf6 4. d4 cxd4 5. Nxd4 a6 6. Be2 e5 7. Nf3 Be7 8. O-O h6 9. h3 Be6 10. Re1 O-O 11. Bd3 Qc7 12. Nd5 Nxd5 13. exd5 Bxd5 14. Bh7+ Kxh7 15. Qxd5 Nd7 16. c3 Kg8 17. Bd2 Rac8 18. a3 Qc6 19. Qxc6 bxc6 20. b4 Nb6 21. Be3 Nc4 22. Bc1 f6 23. Re4 d5 24. Rg4 Kf7 25. Nh4 Rfe8 26. Nf5 Bf8 27. h4 h5 28. Rg3 g6 29. Ne3 Nd6 30. Bb2 a5 31. bxa5 Rb8 32. Rb1 Ne4 33. Rh3 Nd2 34. Rd1 Rxb2 35. c4 d4 36. Nf1 Ne4 37. a6 Nc3 38. Ra1 Ra8 39. Ne3 dxe3 40. Rxe3 Ne2+ 41. Kh2 Nd4 42. f4 exf4 43. Re4 c5 44. Rxf4 Bd6 0-1

[Event "2026 Biel Blitz Open"]
[Site "Biel, CH"]
[Date "2026.07.19"]
[Round "1"]
[White "Tahari, Youcef Nazim"]
[Black "Stefan, Iulia-Cristiana"]
[Result "0-1"]
[Board "44"]
[TimeControl "180+2"]
[WhiteFideId "282537"]
[BlackFideId "1273876"]
[WhiteElo "1691"]
[BlackElo "2050"]
[BlackTitle "WFM"]
[WhiteClock "0:00:15"]
[BlackClock "0:00:08"]
[Variant "Standard"]
[EndDate "2026.07.19"]
[EndTime "11:47:32"]

1. e4 e5 2. Nf3 Nc6 3. d4 exd4 4. Bc4 Nf6 5. e5 d5 6. Bb5 Nd7 7. O-O Be7 8. Re1 O-O 9. Bf4 Ndb8 10. Nxd4 Nxd4 11. Qxd4 a6 12. Bd3 c5 13. Qe3 Nc6 14. Qg3 Kh8 15. a3 c4 16. Be2 Nd4 17. Bd1 Ne6 18. Bd2 f6 19. Nc3 d4 20. Ne4 f5 21. Nd6 f4 22. Qf3 Bxd6 23. exd6 Qxd6 24. Bb4 Nc5 25. Qh5 b6 26. Bf3 Rb8 27. Re8 Bd7 28. Re2 a5 29. Bxc5 bxc5 30. Rae1 Qg6 31. Qh4 Rbe8 32. Be4 Qh6 33. Qxh6 gxh6 34. Bd5 c3 35. bxc3 dxc3 36. Rxe8 Rxe8 37. Rxe8+ Bxe8 38. Be6 Kg7 39. Kf1 Kf6 40. Bh3 Ke5 41. Ke2 Bg6 42. Kd1 Kd4 43. Bd7 Bh5+ 44. f3 Bg6 45. Be6 h5 46. Bg8 h4 47. h3 Be8 48. Bb3 Bb5 49. a4 Bf1 50. Bg8 h6 51. Ke1 Bxg2 52. Kf2 Bxh3 53. Be6 Bxe6 0-1

[Event "2026 Biel Blitz Open"]
[Site "Biel, CH"]
[Date "2026.07.19"]
[Round "1"]
[White "Xu, Chang(CQ)"]
[Black "Bachmann, Daniel"]
[Result "1-0"]
[Board "45"]
[TimeControl "180+2"]
[WhiteFideId "8641757"]
[BlackFideId "1357492"]
[WhiteElo "2049"]
[BlackElo "1689"]
[WhiteClock "0:01:21"]
[BlackClock "0:01:19"]
[Variant "Standard"]
[EndDate "2026.07.19"]
[EndTime "11:49:36"]

1. e4 e6 2. d3 d5 3. Nd2 Nf6 4. Ngf3 c5 5. g3 dxe4 6. dxe4 e5 7. Nxe5 Qd4 8. Bb5+ Bd7 9. Nxd7 Nbxd7 10. O-O Be7 11. c3 Qd6 12. e5 Qxe5 13. Re1 Qc7 14. Nc4 a6 15. Bf4 Qd8 16. Bxd7+ Qxd7 17. Qxd7+ Nxd7 18. Bd6 O-O 19. Rxe7 Nf6 20. Rxb7 Rfe8 1-0

[Event "2026 Biel Blitz Open"]
[Site "Biel, CH"]
[Date "2026.07.19"]
[Round "1"]
[White "Wilhelm, Marco"]
[Black "Stefan, Romulus-Cristian"]
[Result "0-1"]
[Board "46"]
[TimeControl "180+2"]
[WhiteFideId "1347039"]
[BlackFideId "1232835"]
[WhiteElo "1684"]
[BlackElo "2048"]
[BlackTitle "CM"]
[WhiteClock "0:01:21"]
[BlackClock "0:01:03"]
[Variant "Standard"]
[EndDate "2026.07.19"]
[EndTime "11:47:32"]

1. e4 e5 2. Nf3 Nc6 3. Bb5 a6 4. Ba4 Nf6 5. O-O Be7 6. Re1 b5 7. Bb3 d6 8. c3 O-O 9. d4 Bg4 10. h3 Bxf3 11. gxf3 a5 12. f4 a4 13. Bc2 Nd7 14. fxe5 dxe5 15. d5 Na5 16. b3 axb3 17. axb3 Bg5 18. Na3 Bxc1 19. Qxc1 Qh4 20. Re3 c6 21. dxc6 Nxc6 22. Nxb5 Nf6 23. Rxa8 Rxa8 24. Bd1 Rd8 25. b4 Ne7 26. Nc7 Nxe4 27. Qc2 Ng5 28. Bg4 h5 29. Be2 Nxh3+ 30. Kf1 Qxf2# 0-1

[Event "2026 Biel Blitz Open"]
[Site "Biel, CH"]
[Date "2026.07.19"]
[Round "1"]
[White "Bajraktari, Perparim"]
[Black "Schreiber, Edwin"]
[Result "1-0"]
[Board "47"]
[TimeControl "180+2"]
[WhiteFideId "1307711"]
[BlackFideId "2011921"]
[WhiteElo "2045"]
[BlackElo "1682"]
[WhiteClock "0:02:32"]
[BlackClock "0:00:07"]
[Variant "Standard"]
[EndDate "2026.07.19"]
[EndTime "11:47:32"]

1. c4 e5 2. Nc3 Nc6 3. g3 Bc5 4. Bg2 a6 5. Nf3 d6 6. d3 Nge7 7. O-O h5 8. h4 Nf5 9. e3 Be6 10. Nd5 Bxd5 11. cxd5 Nce7 12. e4 Nxg3 13. d4 Nxf1 14. dxc5 Ng6 15. Bg5 f6 16. Bc1 Qd7 17. Kxf1 Qg4 18. cxd6 cxd6 19. Qa4+ Kf7 20. Be3 1-0

[Event "2026 Biel Blitz Open"]
[Site "Biel, CH"]
[Date "2026.07.19"]
[Round "1"]
[White "Chu, Wa Ching David"]
[Black "Nguyen Thi Mai Hung"]
[Result "0-1"]
[Board "48"]
[TimeControl "180+2"]
[WhiteFideId "6013180"]
[BlackFideId "12401676"]
[WhiteElo "1673"]
[BlackElo "2039"]
[BlackTitle "WGM"]
[WhiteClock "0:00:25"]
[BlackClock "0:00:28"]
[Variant "Standard"]
[EndDate "2026.07.19"]
[EndTime "11:47:32"]

1. d4 d5 2. c4 c6 3. cxd5 cxd5 4. Bg5 Nc6 5. Nf3 Bf5 6. Nc3 h6 7. Bf4 Nf6 8. e3 e6 9. Bd3 Bg4 10. h3 Bh5 11. Be2 Be7 12. Ne5 Bxe2 13. Qxe2 O-O 14. O-O Rc8 15. Rac1 a6 16. Nxc6 Rxc6 17. Na4 Qc8 18. Rxc6 Qxc6 19. Nc3 Rc8 20. Be5 Nd7 21. Bf4 b5 22. a3 Nb6 23. Qg4 Kh7 24. Be5 f6 25. Bg3 Nc4 26. Qe2 Nxa3 27. Nxd5 exd5 28. Qd3+ Kh8 29. bxa3 Qc4 30. Qf5 Bxa3 31. Ra1 b4 32. Bd6 a5 33. Qe6 Qc6 34. Qe7 Qe8 35. Qa7 a4 36. Qa5 Qc6 37. Bxb4 Ra8 38. Qc5 Qxc5 39. Bxc5 Bb2 40. Ra2 a3 41. Kf1 Kg8 42. Ke2 Kf7 43. Kd3 Ke6 44. Kc2 Kf5 45. Bb4 Ke4 46. Bc3 Rc8 47. Rxb2 axb2 48. Kxb2 Kd3 49. Bb4 Rc2+ 50. Kb3 Rxf2 51. Bf8 Rxg2 52. Kb4 Kxe3 53. Kc5 Ke4 54. Bd6 f5 55. Be5 g5 56. Kd6 f4 57. Ke6 f3 58. Kd6 f2 59. Ke6 f1=Q 60. Kd6 Qf5 61. Kc6 Qe6+ 62. Kb5 Rc2 63. Kb4 Qb6+ 64. Ka3 Rc8 65. Ka2 Ra8# 0-1

[Event "2026 Biel Blitz Open"]
[Site "Biel, CH"]
[Date "2026.07.19"]
[Round "1"]
[White "Marinkovic, Zoran"]
[Black "Kamildjanov, Saidbek"]
[Result "0-1"]
[Board "49"]
[TimeControl "180+2"]
[WhiteFideId "1346083"]
[BlackFideId "151105026"]
[WhiteElo "2037"]
[BlackElo "1659"]
[WhiteClock "0:00:48"]
[BlackClock "0:01:10"]
[Variant "Standard"]
[EndDate "2026.07.19"]
[EndTime "11:47:32"]

1. e4 e5 2. Nf3 Nc6 3. d4 exd4 4. Nxd4 Bc5 5. Be3 Bxd4 6. Bxd4 Nxd4 7. Qxd4 Qf6 8. e5 Qc6 9. Nc3 Ne7 10. O-O-O O-O 11. h4 Nf5 12. Qf4 d6 13. exd6 Nxd6 14. h5 h6 15. Bd3 Be6 16. Ne4 Nxe4 17. Qxe4 Qxe4 18. Bxe4 c6 19. a3 Rfd8 20. f3 Rxd1+ 21. Rxd1 Kf8 22. g4 Ke7 23. Re1 Kf8 24. Kd2 Re8 25. Kc3 Bd5 26. Kd4 Bxe4 27. Rxe4 Rxe4+ 28. Kxe4 Ke7 29. Ke5 Kd7 30. f4 f6+ 31. Kf5 Ke7 32. Kg6 Kf8 33. g5 fxg5 34. fxg5 hxg5 35. Kxg5 b5 36. b4 a6 37. Kg6 Kg8 38. Kf5 Kf7 39. Ke5 Ke7 40. c3 Kf7 41. Kd6 Kf6 42. Kxc6 Kg5 43. Kb6 Kxh5 44. Kxa6 g5 45. Kxb5 g4 46. c4 g3 47. c5 g2 48. Kb6 g1=Q 0-1

[Event "2026 Biel Blitz Open"]
[Site "Biel, CH"]
[Date "2026.07.19"]
[Round "1"]
[White "Fedal, Salem"]
[Black "Rappazzo, Johannes"]
[Result "0-1"]
[Board "50"]
[TimeControl "180+2"]
[WhiteFideId "1313797"]
[BlackFideId "1340069"]
[WhiteElo "1656"]
[BlackElo "2032"]
[BlackTitle "FM"]
[WhiteClock "0:01:00"]
[BlackClock "0:03:02"]
[Variant "Standard"]
[EndDate "2026.07.19"]
[EndTime "11:47:32"]

1. e4 c5 2. Nc3 d6 3. Nf3 Nf6 4. Bb5+ Nbd7 5. d3 a6 6. Bxd7+ Bxd7 7. Bg5 e6 8. Qe2 Be7 9. O-O-O O-O 10. Rhe1 b5 11. a3 b4 12. axb4 cxb4 13. Nb1 h6 14. Bxf6 Bxf6 15. d4 d5 16. exd5 exd5 17. Qd3 a5 18. Ne5 a4 19. Nxd7 Qxd7 20. Re3 Bg5 21. Rde1 a3 22. bxa3 bxa3 23. Nxa3 Qa4 24. Kd1 Bxe3 25. Rxe3 Rfe8 26. Rg3 Qb4 27. Qf3 Re1# 0-1

[Event "2026 Biel Blitz Open"]
[Site "Biel, CH"]
[Date "2026.07.19"]
[Round "1"]
[White "Hirzel, Robin"]
[Black "Gireada, Lucas"]
[Result "0-1"]
[Board "51"]
[TimeControl "180+2"]
[WhiteFideId "1342320"]
[BlackFideId "1373544"]
[WhiteElo "2022"]
[BlackElo "1651"]
[WhiteClock "0:00:35"]
[BlackClock "0:00:28"]
[Variant "Standard"]
[EndDate "2026.07.19"]
[EndTime "11:47:32"]

1. e4 c5 2. Nc3 d6 3. Bb5+ Bd7 4. Bxd7+ Qxd7 5. f4 Nc6 6. Nf3 g6 7. O-O Bg7 8. d3 e6 9. Qe1 Nge7 10. Rb1 Nd4 11. Nxd4 cxd4 12. Ne2 d5 13. e5 Nf5 14. Qb4 Qe7 15. Qa4+ Qd7 16. Qxd7+ Kxd7 17. g4 Ne3 18. Bxe3 dxe3 19. Rf3 Bf8 20. Rxe3 h5 21. g5 Rc8 22. c3 Be7 23. Kg2 b5 24. Rc1 b4 25. c4 dxc4 26. dxc4 Kc7 27. Nd4 a6 28. Nb3 Rhd8 29. Kf3 Rd7 30. c5 Kc6 31. Na5+ Kb5 32. Nb3 a5 33. Ke4 Rd5 34. Nd4+ Ka6 35. c6 Rcd8 36. c7 Rxd4+ 37. Kf3 Rc8 38. a3 Rd7 39. axb4 Rdxc7 40. Ra1 Bxb4 41. Re4 Kb5 42. Rd1 Rc2 0-1

[Event "2026 Biel Blitz Open"]
[Site "Biel, CH"]
[Date "2026.07.19"]
[Round "1"]
[White "Koehler, Noe"]
[Black "Mikavica, Mirko"]
[Result "0-1"]
[Board "52"]
[TimeControl "180+2"]
[WhiteFideId "1362488"]
[BlackFideId "908657"]
[WhiteElo "1639"]
[BlackElo "2015"]
[WhiteClock "0:03:02"]
[BlackClock "0:03:02"]
[Variant "Standard"]
[EndDate "2026.07.19"]
[EndTime "11:47:32"]

1. e4 d6 2. d4 Nf6 3. Nc3 Nbd7 4. Nf3 e5 5. d5 c6 6. Bc4 Be7 7. O-O O-O 8. Re1 Nb6 9. Bb3 cxd5 10. Nxd5 Nbxd5 11. exd5 Bg4 12. h3 Bh5 13. Bg5 e4 14. Bxf6 Bxf6 15. Rxe4 Bxb2 16. Rb1 Bf6 17. Re1 Qa5 18. Qd3 Rae8 19. Qd2 Qc5 20. Rxe8 Rxe8 21. Re1 Rf8 22. Nh2 Bc3 23. Qg5 Bxe1 24. Qxh5 Qxf2+ 25. Kh1 Bc3 26. Ng4 Qe1+ 27. Kh2 Be5+ 28. Nxe5 Qxe5+ 0-1

[Event "2026 Biel Blitz Open"]
[Site "Biel, CH"]
[Date "2026.07.19"]
[Round "1"]
[White "Guidi, Elia"]
[Black "Python, Noe"]
[Result "0-1"]
[Board "54"]
[TimeControl "180+2"]
[WhiteFideId "1351931"]
[BlackFideId "1337637"]
[WhiteElo "1629"]
[BlackElo "2010"]
[WhiteClock "0:00:10"]
[BlackClock "0:00:16"]
[Variant "Standard"]
[EndDate "2026.07.19"]
[EndTime "11:47:32"]

1. d4 d5 2. c4 e6 3. Nc3 Nf6 4. Nf3 a6 5. Bg5 dxc4 6. e4 b5 7. e5 h6 8. exf6 hxg5 9. fxg7 Bxg7 10. Qc2 g4 11. Ne5 Qxd4 12. Ng6 fxg6 13. Qxg6+ Kf8 14. Rd1 Qe5+ 15. Be2 Nc6 16. g3 Qf5 17. Qxg4 Qxg4 18. Bxg4 Ne5 19. Be2 Bb7 20. O-O Ke7 21. f4 Nf7 22. Rfe1 Nd6 23. Bg4 Bc8 24. Nd5+ Kd7 25. Nc3 Kc6 26. Bxe6 Bxe6 27. Rxe6 Rae8 28. Rde1 Rxe6 29. Rxe6 Re8 30. Rg6 Bd4+ 31. Kg2 Kb7 32. Kf3 Bxc3 33. bxc3 Ne4 34. Rg5 Nxc3 35. h4 Nxa2 36. h5 Kb6 37. h6 c3 38. h7 Rh8 39. Rg6+ c6 40. Rh6 c2 41. Rh1 c1=Q 42. Rxc1 Nxc1 43. g4 Rxh7 44. g5 Kc7 45. Kg4 Kd7 46. f5 Ke7 47. g6 Rh1 48. Kg5 Rg1+ 49. Kf4 Kf6 50. Ke4 a5 51. g7 Rxg7 0-1